 Dungeon Crawl Stone Soup version 0.28-a0-239-g68911e0c57 (webtiles) character file.

Game seed: 10555902034716691191

50 bande the Covered (level 3, -1/23 HPs)
             Began as a Gargoyle Fighter on Aug 23, 2021.
             Slain by a worm (6 damage)
             ... on level 2 of the Dungeon.
             The game lasted 00:01:47 (1681 turns).

bande the Covered (Gargoyle Fighter)                Turns: 1681, Time: 00:01:48

Health: -1/23      AC: 10    Str: 19    XL:     3   Next: 79%
Magic:  3/3        EV:  7    Int:  8    God:
Gold:   14         SH:  9    Dex: 10    Spells: 2/2 levels left

rFire   . . .      SeeInvis .   a - +0 war axe (flame)
rCold   . . .      Faith    .   c - +1 kite shield
rNeg    + . .      Spirit   .   b - +0 scale mail
rPois   ∞          Reflect  .   (no helmet)
rElec   +          Harm     .   (no cloak)
rCorr   .          Rampage  .   (no gloves)
Will    .....                   (no boots)
Stlth   ..........              (no amulet)
HPRegen 0.07/turn               (no ring)
MPRegen 0.08/turn               (no ring)

@: no status effects
A: sickness immunity, AC +3, negative energy resistance 1, electricity
resistance, torment resistance 1, petrification resistance
a: no special abilities


You were on level 2 of the Dungeon.
You visited 1 branch of the dungeon, and saw 2 of its levels.

You collected 14 gold pieces.

Inventory:

Hand Weapons
 a - a +0 war axe of flaming (weapon)
Armour
 b - a +0 scale mail (worn)
 c - a +1 kite shield (worn)
Scrolls
 e - 2 scrolls of identify
 i - a scroll of enchant armour
Potions
 d - a potion of might
 f - a potion of heal wounds


   Skills:
 + Level 3.6 Fighting
 + Level 2.6 Axes
 + Level 3.8 Armour
 + Level 0.5 Dodging
 + Level 3.4 Shields


You had 2 spell levels left.
You didn't know any spells.
Your spell library was empty.

Dungeon Overview and Level Annotations

Branches:
Dungeon (2/15)

Altars:


Innate Abilities, Weirdness & Mutations

You are immune to sickness and miasma.
Your stone body is resilient. (AC +3)
You are immune to poison.
You resist negative energy. (rN+)
You are resistant to electric shocks. (rElec)
You are resistant to unholy torment.
You are immune to petrification.


Message History

There is an open door here.
A worm comes into view.
Found a bubbling brown potion.
The worm bites you!
You barely miss the worm. The worm bites you!
You are too injured to fight recklessly!
You are too injured to fight recklessly!
You are too injured to fight recklessly!
You are too injured to fight recklessly!
You are too injured to fight recklessly!
You are too injured to fight recklessly!
You are too injured to fight recklessly!
You are too injured to fight recklessly!
You are too injured to fight recklessly!
You are too injured to fight recklessly!
You are too injured to fight recklessly!
Unknown command.
You slash the worm! You burn the worm.
The worm is heavily wounded.
Your scale mail prevents you from hitting the frilled lizard.
The frilled lizard misses you. You block the frilled lizard's attack.
You block the worm's attack.
Unknown command.
You barely miss the worm.
The worm is heavily wounded.
You hit the frilled lizard but do no damage.
You block the frilled lizard's attack. The frilled lizard barely misses you.
The worm bites you but does no damage.
Unknown command.
You hit the worm but do no damage.
The worm is heavily wounded.
You closely miss the frilled lizard. The frilled lizard bites you.
* * * LOW HITPOINT WARNING * * *
The worm barely misses you.
Unknown command.
Your shield prevents you from hitting the worm.
The worm is moderately wounded.
You slash the frilled lizard! You burn the frilled lizard.
You kill the frilled lizard!
The worm bites you.
You die...

.. !...# #
#......#
#...#.... ##
.#..... ...
..#..
....###...####
.............#
........@w..#
........###.#
........'.#
........#.#
........#.#
...!....#.#
........#.#
........#.#
........#.#


You could see a worm.

Vanquished Creatures
  An adder (D:2)
  3 dart slugs (D:1)
  2 ball pythons (D:1)
  2 bats (D:1)
  3 endoplasms (D:1)
  A giant cockroach (D:1)
  9 goblins (D:1)
  3 hobgoblins (D:1)
  A kobold (D:1)
  A quokka (D:1)
  2 frilled lizards
  4 rats
32 creatures vanquished.

Notes
Turn   | Place    | Note
-------+----------+-------------------------------------------
     0 | D:1      | bande the Gargoyle Fighter began the quest for the Orb.
     0 | D:1      | Reached XP level 1. HP: 14/14 MP: 1/1
    94 | D:1      | Reached XP level 2. HP: 7/19 MP: 2/2
   846 | D:1      | Reached XP level 3. HP: 22/23 MP: 3/3
  1233 | D:1      | Found a faded altar of an unknown god.
  1681 | D:2      | Slain by a worm

Illustrated notes

Levels and vault maps discovered:
D:1:      nagdon_arrival_zigzag_paths, layout_loops_cross,
          ebering_ecumenical_altar_sacrificial
D:2:      layout_basic, basic_altar, serial_shops, shop,
          minmay_misc_feat_pillars, uniq_crazy_yiuf_cottage

Skill      XL: |  1  2 |
---------------+-------+-----
Axes           | 2 |  2.6
Fighting       | |  3.6
Armour         | |  3.8
Dodging        | |  0.5
Shields        | |  3.4

Action                   || total
-------------------------++-------
Melee: War axe           ||    93
  Use: Scroll            ||     5
Armor: Scale mail        ||    56
Dodge: Dodged            ||    43
Block: Kite shield       ||    45

Table legend: (Time is in decaauts)
 A = Elapsed time spent in this place.
 B = Non-inter-level travel time spent in this place.
 C = Inter-level travel time spent in this place.
 D = Time resting spent in this place.
 E = Time spent auto-exploring this place.
 F = Levels seen in this place.
 G = Mean time per level.
                   A        B        C        D        E       F      G
               +--------+--------+--------+--------+--------+-----+--------+
         Total |   1738 |   1738 |      0 |    298 |   1159 |   2 |  869.0 |
       Dungeon |   1738 |   1738 |      0 |    298 |   1159 |   2 |  869.0 |
               +--------+--------+--------+--------+--------+-----+--------+

Top non-repeatable levels by time:
     D:1: 1678 daAuts
     D:2: 60 daAuts
